 Dungeon Crawl Stone Soup version 0.30-a0-305-g026cb31310 (webtiles) character file.

Game seed: 8724082785259890652

118 KarmaKiller the Sneak (level 5, -1/35 HPs)
             Began as an Octopode Brigand on Oct 21, 2022.
             Slain by a gnoll sergeant
             ... wielding a +0 spear
              (14 damage)
             ... on level 3 of the Dungeon.
             The game lasted 00:19:37 (2387 turns).

KarmaKiller the Sneak (Octopode Brigand)            Turns: 2387, Time: 00:19:38

Health: -1/35      AC:  1    Str: 10    XL:     5   Next: 2%
Magic:  5/5        EV: 13    Int: 14    God:
Gold:   156        SH:  0    Dex: 15    Spells: 4/4 levels left

rFire   . . .      SeeInvis .    j - +0 dagger (elec)
rCold   . . .      Faith    .    (no shield)
rNeg    . . .      Spirit   .    (helmet restricted)
rPois   .          Reflect  .    (no amulet)
rElec   .          Harm     .    i - ring of wizardry
rCorr   .          Rampage  .    (no ring)
Will    .....                    (no ring)
Stlth   +++++.....               (no ring)
HPRegen 0.25/turn                (no ring)
MPRegen 0.09/turn                (no ring)
                                 (no ring)
                                 (no ring)

@: no status effects
A: almost no armour, amphibious, 8 rings, camouflage 1, gelatinous body 1,
(nimble swimmer 1), tentacles
a: no special abilities


You were on level 3 of the Dungeon.
You visited 1 branch of the dungeon, and saw 3 of its levels.

You collected 156 gold pieces.

Inventory:

Hand Weapons
 a - a +2 dagger
 j - a +0 dagger of electrocution (weapon)
 m - a +0 short sword
 p - a +1 whip of electrocution
Missiles
 b - 8 poisoned darts (quivered)
 c - 3 curare-tipped darts
 k - 5 boomerangs
Jewellery
 i - a ring of wizardry (left tentacle)
Scrolls
 d - a scroll of vulnerability {unknown}
 f - 2 scrolls of enchant armour {unknown}
 n - a scroll of fear {unknown}
 o - 2 scrolls of identify {unknown}
Potions
 e - a potion of haste {unknown}
 g - a potion of lignification {unknown}
 h - a potion of heal wounds {unknown}
 l - 2 potions of brilliance {unknown}


   Skills:
 + Level 2.4 Fighting
 + Level 2.7 Short Blades
 + Level 2.5 Throwing
 + Level 1.3 Dodging
 + Level 7.2 Stealth


You had 4 spell levels left.
You didn't know any spells.
Your spell library contained the following spells:

 Spells                   Type           Power      Damage    Failure   Level
 Shock                    Conj/Air       0%         1d3       12%         1
 Summon Small Mammal      Summ           0%         N/A       12%         1
 Sublimation of Blood     Necr           0%         N/A       17%         2
 Wereblood                Tmut           0%         N/A       17%         2
 Call Canine Familiar     Summ           0%         N/A       32%         3
 Summon Guardian Golem    Hex/Summ       0%         N/A       32%         3
 Swiftness                Air            0%         N/A       32%         3
 Airstrike                Air            0%         2d(0-16)  71%         4
 Summon Hydra             Summ           0%         N/A       100%        7


Dungeon Overview and Level Annotations

Branches:
Dungeon (3/15)

Altars:


Innate Abilities, Weirdness & Mutations

You cannot wear most types of armour.
You are amphibious.
You can wear up to eight rings at the same time.
Your skin changes colour to match your surroundings (Stealth+).
Your rubbery body absorbs attacks. (AC +1, EV +1)
((You are camouflaged when in or above water. (Stealth+)))
You have tentacles for arms and can constrict up to eight enemies at once.


Message History

The orc attacks as you move away! The orc hits you with a +0 club.
The orc attacks as you move away! The orc closely misses you.
Throw: 11 darts (poison)
Press: ? - help, Q - select action, (/) - cycle Shift-Dir - straight line, f - gnoll
Aim: a gnoll, wielding a +0 club (64% to hit)
You throw a poisoned dart. The poisoned dart hits the orc.
The orc is poisoned.
The orc misses you.
The gnoll hits you from afar with a +0 spear.
You hit the orc. You grab the orc.
The orc is moderately wounded.
You constrict the orc. The orc hits you but does no damage.
The gnoll barely misses you.
You hit the orc.
You kill the orc!
The gnoll hits you from afar with a +0 spear.
Throw: 10 darts (poison)
Press: ? - help, Q - select action, (/) - cycle Shift-Dir - straight line, f - gnoll, p - gnoll
Aim: a gnoll, wielding a +0 flail (64% to hit)
You throw a poisoned dart. The poisoned dart hits the gnoll.
The gnoll is poisoned.
The gnoll closely misses you. The gnoll misses you.
Things that are here:
a +0 club; a poisoned dart You barely miss the gnoll.
Your grab misses the gnoll. You squeeze the gnoll!
The gnoll is almost dead.
You kill the gnoll!
You have reached level 5!
You feel clever.
Throw: 9 darts (poison)
Press: ? - help, Q - select action, (/) - cycle Shift-Dir - straight line, f - gnoll
Aim: a gnoll, wielding a +0 flail (64% to hit)
You throw a poisoned dart. The poisoned dart hits the gnoll.
The gnoll is poisoned.
The gnoll barely misses you. The gnoll sergeant barely misses you.
You hit the gnoll. Your grab misses the gnoll. You squeeze the gnoll!
The gnoll is severely wounded.
The gnoll hits you with a +0 club.
The gnoll sergeant hits you from afar with a +0 spear!
You die...

#####++###### ............
........... .og..... g..o.
####### ##''## ####
#..#..#######ggg.#######..) ~≈
#S.+..'...@gggo..'...).'...
≈≈###+#..#..#######oo..#######...
≈≈#...#############''''##########
~≈#gg.#..........................
~≈#####≈≈≈~~≈~~~~~~....~~~~~~~~~~
~≈≈≈≈≈≈≈≈≈≈≈≈≈~≈≈≈≈....~≈≈~≈≈≈~≈≈
~~~≈~~≈~≈~~~~~~~≈≈~....~~≈~~≈~≈~~
.P...............................
##.##########.####.......########


You could see a gnoll sergeant, 5 gnolls and 3 orcs.

Vanquished Creatures
  4 gnolls (D:3)
  A worm (D:3)
  6 orcs (D:3)
  5 ball pythons
  8 bats
  5 endoplasms
  2 giant cockroaches
  4 goblins
  8 hobgoblins
  6 jackals (D:3)
  5 kobolds
  3 quokkas (D:1)
  4 frilled lizards
  2 rats
63 creatures vanquished.

Vanquished Creatures (others)
  2 plants (D:2)
2 creatures vanquished.

Grand Total: 65 creatures vanquished

Notes
Turn   | Place    | Note
-------+----------+-------------------------------------------
     0 | D:1      | KarmaKiller the Octopode Brigand began the quest for the
                  | Orb.
     0 | D:1      | Reached XP level 1. HP: 14/14 MP: 1/1
   124 | D:1      | Reached XP level 2. HP: 19/19 MP: 2/2
   339 | D:1      | Reached skill level 6 in Stealth
   479 | D:1      | Reached XP level 3. HP: 24/24 MP: 3/3
  1831 | D:3      | Reached XP level 4. HP: 30/30 MP: 4/4
  2319 | D:3      | Reached skill level 7 in Stealth
  2359 | D:3      | Noticed a water moccasin
  2373 | D:3      | Noticed a gnoll sergeant
  2386 | D:3      | Reached XP level 5. HP: 15/35 MP: 5/5
  2387 | D:3      | Slain by a gnoll sergeant

Illustrated notes

Levels and vault maps discovered:
D:1:      roderic_octagonal_star, layout_basic
D:2:      layout_loops_corners, serial_forest, infiniplex_forest_clump_C,
          infiniplex_forest_corner_1, infiniplex_forest_lined_room_3,
          infiniplex_forest_diagonal, infiniplex_forest_lined_room_2,
          infiniplex_forest_lined_ring, infiniplex_forest_lined_4_way
D:3:      lemuel_castle_with_subvaults [lemuel_castle_interior_original],
          layout_loops_corners

Skill      XL: |  1  2  3  4 |
---------------+-------------+-----
Stealth        | 6 7 |  7.2
Fighting       | |  2.4
Short Blades   | |  2.7
Throwing       | |  2.5
Dodging        | |  1.3

Action                   |  1- 3 |  4- 6 || total
-------------------------+-------+-------++-------
Melee: Dagger            |    74 |    37 ||   111
       Constrict         |    18 |    10 ||    28
       Tentacles         |    11 |     9 ||    20
       Punch             |     1 |       ||     1
Throw: Dart              |    12 |    14 ||    26
 Stab: Sleeping          |    13 |     1 ||    14
       Distracted        |     1 |       ||     1
Armor: Skin              |    13 |     3 ||    16
Dodge: Dodged            |    36 |    28 ||    64

Table legend: (Time is in decaauts)
 A = Elapsed time spent in this place.
 B = Non-inter-level travel time spent in this place.
 C = Inter-level travel time spent in this place.
 D = Time resting spent in this place.
 E = Time spent auto-exploring this place.
 F = Levels seen in this place.
 G = Mean time per level.
                   A        B        C        D        E       F      G
               +--------+--------+--------+--------+--------+-----+--------+
         Total |   2370 |   2370 |      0 |    126 |      0 |   3 |  790.0 |
       Dungeon |   2370 |   2370 |      0 |    126 |      0 |   3 |  790.0 |
               +--------+--------+--------+--------+--------+-----+--------+

Top non-repeatable levels by time:
     D:3: 868 daAuts
     D:1: 775 daAuts
     D:2: 725 daAuts
